Description

The build order is not "complete" but I published because the advisor software is broken af.

Build Order

Why is there no SALT encoding or Overwolf build?

    3:44  Barracks  
    3:50  Barracks  
    4:28  Engineering Bay, Refinery  
    4:57  Terran Infantry Weapons Level 1  
    4:40  Stimpack  land both rax on both tech labs
    5:00  Refinery  
    5:15  Supply Depot  2 medivacs 2 depots at a time
    5:20  SCV  cut SCVs at max saturation
    6:30  Command Center  
    6:45  Terran Infantry Armor Level 1  
    7:00  Barracks x3  
    7:50  Ghost Academy  vikings
    8:10  Engineering Bay, Armory x2  
    9:00  Terran Infantry Armor Level 2 x2, Terran Infantry Weapons Level 2 x2  
    9:30  Command Center  
    10:30  Fusion Core, Barracks x3  
Spawning Tool Build Advisor. Get it on Overwolf

Go to:

Details

  • Created by: Napolitain
  • Published on: Oct 01, 2020
  • Modified on: Oct 01, 2020
  • Patch: 4.11.0
  • Difficulty: Medium
Show

Export as new Build Order

Comments (0)

There are no comments. Be the first!

Create an account to comment!